Map: Simulacro EE

Players

llllllllllll (Trap)

  • Race: Protoss Protoss
  • League: Master
  • Spawn Location: 11:00

Maru - Winner!

  • Race: Terran Terran
  • League: Grandmaster
  • Spawn Location: 5:00

VOD

Have the link to the VOD?

Description

Time

  • Played on: Jan. 7, 2020, 8:42 p.m.
  • Length: 10:47
Show
View Real Time Build Order
Export as new Build Order

llllllllllll Protoss 

Build Orders: 1 Gate Expand, Blink Stalkers 

Get SALT Encoding   

  12  0:00  Probe  
  13  0:12  Probe  
  14  0:17  Pylon  
  14  0:24  Probe (Chrono Boost)  
  15  0:36  Probe (Chrono Boost), Gateway  
  16  0:44  Probe (Chrono Boost)  
  16  0:47  Assimilator  
  17  0:51  Probe  
  18  1:03  Probe  
  19  1:15  Probe  
  20  1:23  Nexus  
  20  1:33  Cybernetics Core  
  20  1:36  Probe  
  21  1:44  Assimilator  
  21  1:48  Probe  
  21  1:54  Pylon  
  22  2:01  Probe  
  23  2:09  Warp Gate, Adept (Chrono Boost)  
  23  2:13  Probe  
  26  2:26  Probe (Chrono Boost)  
  26  2:29  Stalker (Chrono Boost)  
  27  2:34  Twilight Council  
  27  2:36  Probe (Chrono Boost)  
  30  2:44  Probe (Chrono Boost)  
  32  2:45  Probe (Chrono Boost)  
  32  2:50  Probe x2 (Chrono Boost)  
  33  2:51  Stalker  
  36  3:02  Probe x2  
  36  3:05  Blink (Chrono Boost)  
  38  3:14  Probe x2  
  38  3:17  Pylon  
  40  3:23  Robotics Facility  
  40  3:26  Probe x2  
  42  3:36  Gateway  
  42  3:38  Probe x2  
  44  3:50  Probe  
  44  3:51  Probe  
  44  3:52  Gateway  
  44  3:55  Assimilator  
  46  3:58  Pylon, Assimilator  
  46  3:59  Stalker  
  46  4:02  Probe  
  49  4:05  Probe  
  49  4:09  Pylon  
  50  4:10  Observer (Chrono Boost)  
  50  4:14  Probe  
  52  4:17  Probe  
  52  4:23  Stalker  
  55  4:26  Observer (Chrono Boost)  
  55  4:29  Probe  
  55  4:30  Probe, Robotics Bay  
  58  4:33  Forge  
  58  4:35  Stalker  
  60  4:42  Probe  
  60  4:43  Probe  
  60  4:55  Probe x2  
  60  4:59  Stalker x2  
  66  5:00  Stalker  
  68  5:08  Observer  
  68  5:09  Pylon  
  68  5:13  Protoss Ground Weapons Level 1 (Chrono Boost)  
  68  5:22  Nexus  
  68  5:29  Warp Prism  
  68  5:30  Probe (Chrono Boost)  
  68  5:35  Probe (Chrono Boost)  
  69  5:41  Probe (Chrono Boost)  
  69  5:45  Probe (Chrono Boost)  
  69  5:46  Probe (Chrono Boost)  
  70  5:54  Probe, Gravitic Drive  
  70  5:56  Probe, Gateway  
  72  5:58  Gateway  
  72  6:03  Pylon  
  74  6:15  Colossus (Chrono Boost)  
  78  6:20  Pylon  
  78  6:21  Probe x2  
  80  6:28  Sentry  
  80  6:29  Zealot x2  
  80  6:30  Pylon  
  80  6:31  Charge  
  86  6:34  Probe x2  
  86  6:35  Probe  
  89  6:48  Probe x3  
  89  6:51  Pylon  
  92  6:59  Gateway  
  91  7:01  Colossus  
  91  7:02  Probe  
  91  7:03  Probe x2  
  91  7:04  Gateway x2  
  100  7:08  Zealot  
  100  7:09  Zealot  
  100  7:11  Sentry x2  
  100  7:13  Pylon  
  108  7:16  Extended Thermal Lance  
  108  7:19  Protoss Ground Armor Level 1 (Chrono Boost)  
  108  7:24  Assimilator x2  
  108  7:33  Probe  
  108  7:34  Probe x2  
  109  7:37  Zealot x2  
  109  7:38  Zealot x2  
  115  7:50  Probe x3  
  114  7:58  Templar Archives  
  114  8:00  Zealot x4, Observer (Chrono Boost)  
  114  8:01  Zealot  
  114  8:03  Pylon  
  114  8:04  Nexus  
  125  8:20  Zealot x3  
  125  8:22  Pylon  
  125  8:24  Psionic Storm  
  131  8:27  Pylon  
  131  8:32  Warp Prism (Chrono Boost)  
  131  8:33  Pylon  
  129  8:37  Pylon  
  129  8:40  Zealot x7  
  129  8:41  Zealot  
  127  9:05  High Templar  
  127  9:06  High Templar x5, Immortal (Chrono Boost)  
  127  9:07  Zealot x2  
  145  9:10  Archon x3  
  145  9:12  Probe x3  
  145  9:15  Forge  
  148  9:21  Gateway  
  148  9:22  Gateway  
  142  9:35  High Templar x2  
  112  9:39  Stalker x4  
  112  9:40  Archon, Stalker  
  112  9:42  Zealot  
  112  9:44  Immortal (Chrono Boost)  
  122  9:53  Probe  
  122  9:54  Probe x2  
  125  10:05  Zealot x3  
  125  10:06  Zealot x2  
  133  10:09  Zealot x3  
  118  10:18  Stalker x2  
  92  10:30  Zealot x7  
  92  10:31  Zealot  
Show
View Real Time Build Order
Export as new Build Order

Maru Terran - Winner!

Build Orders: Reaper Expand 

Get SALT Encoding   

  12  0:00  SCV  
  13  0:12  SCV  
  14  0:17  Supply Depot  
  14  0:25  SCV  
  15  0:38  SCV  
  15  0:39  Barracks  
  16  0:43  Refinery  
  16  0:50  SCV  
  17  1:02  SCV  
  18  1:15  SCV  
  19  1:27  Orbital Command, Reaper  
  20  1:44  Command Center  
  20  1:50  Supply Depot  
  20  1:53  SCV  
  21  1:59  Marine  
  22  2:05  SCV  
  22  2:08  Factory  
  23  2:17  SCV, Bunker  
  23  2:21  Barracks Reactor  
  24  2:24  Refinery  
  25  2:30  SCV  
  25  2:42  SCV  
  26  2:53  Starport  
  26  2:54  SCV  
  26  2:55  Hellion  
  26  2:57  Orbital Command  
  29  3:01  Marine x2  
  31  3:06  SCV  
  32  3:19  Marine x2, Widow Mine  
  36  3:22  SCV  
  36  3:23  SCV  
  36  3:24  Supply Depot  
  38  3:33  Medivac  
  39  3:35  SCV  
  39  3:36  Marine x2  
  39  3:40  Widow Mine  
  44  3:42  SCV  
  44  3:48  SCV  
  44  3:53  Supply Depot  
  44  3:54  SCV  
  47  4:01  Command Center  
  47  4:02  SCV  
  46  4:05  Starport Tech Lab, Factory Tech Lab  
  46  4:08  SCV  
  47  4:12  Marine x2  
  47  4:16  SCV  
  50  4:18  Supply Depot  
  50  4:21  SCV  
  51  4:25  Raven  
  51  4:28  SCV  
  57  4:31  Marine x2, Siege Tank  
  57  4:33  SCV  
  60  4:38  Refinery  
  60  4:40  SCV  
  61  4:45  SCV  
  61  4:52  SCV  
  61  4:53  Marine x2  
  61  4:57  Barracks  
  61  4:58  SCV  
  64  5:04  SCV, Engineering Bay  
  64  5:05  Siege Tank  
  68  5:10  SCV  
  68  5:12  Marine x2  
  71  5:15  Orbital Command  
  71  5:16  SCV, Refinery  
  72  5:21  Starport Tech Lab  
  72  5:22  SCV  
  72  5:24  Barracks  
  72  5:29  SCV  
  72  5:34  SCV  
  74  5:40  Siege Tank  
  74  5:41  SCV  
  75  5:46  SCV  
  75  5:47  SCV  
  75  5:48  Terran Infantry Weapons Level 1  
  77  5:53  SCV  
  78  5:58  SCV, Supply Depot, Stimpack  
  78  6:01  Barracks  
  78  6:02  Barracks  
  79  6:05  Marine x2, Marauder  
  81  6:11  SCV  
  81  6:12  SCV x2  
  81  6:15  Starport Reactor  
  81  6:16  Supply Depot, Siege Tank  
  85  6:20  Combat Shield, Supply Depot, Marauder  
  85  6:24  Supply Depot  
  87  6:34  Marine x2  
  87  6:35  SCV, Marauder  
  87  6:37  SCV  
  87  6:39  Missile Turret x2  
  93  6:41  Marauder  
  93  6:42  Orbital Command  
  95  6:48  SCV  
  95  6:49  SCV  
  95  6:51  Supply Depot  
  95  6:52  Barracks Reactor, Barracks Tech Lab, Siege Tank  
  95  6:53  Medivac x2  
  104  7:00  SCV  
  104  7:01  SCV  
  106  7:05  Supply Depot  
  106  7:07  SCV  
  107  7:10  Marine x2, Marauder x2  
  107  7:12  SCV  
  107  7:13  SCV  
  115  7:16  Concussive Shells, Supply Depot  
  115  7:19  SCV  
  115  7:21  Supply Depot  
  116  7:24  SCV  
  116  7:25  SCV, Medivac x2  
  116  7:26  Marine  
  123  7:31  SCV, Marauder  
  123  7:32  Marauder  
  123  7:36  SCV  
  127  7:37  SCV  
  127  7:43  SCV  
  127  7:44  Marine x3, Marauder  
  123  7:53  Marauder x2  
  123  7:55  Siege Tank  
  130  7:58  Terran Infantry Armor Level 1  
  130  7:59  Supply Depot, Viking  
  130  8:00  Marine  
  130  8:01  Marine  
  134  8:05  Refinery  
  134  8:06  Viking, Refinery  
  136  8:17  SCV x2  
  134  8:23  Marine x3  
  134  8:24  Marine, Marauder x3, Liberator  
  134  8:25  SCV  
  145  8:29  SCV  
  141  8:41  Marine x2  
  141  8:45  Marauder  
  147  8:49  Supply Depot x2, Marauder  
  147  8:50  Supply Depot  
  145  8:56  Marine  
  145  8:57  Marauder  
  145  9:02  Marine  
  148  9:07  Supply Depot, Marauder  
  148  9:09  Liberator x2  
  149  9:10  SCV x3, Siege Tank  
  155  9:17  Armory, Engineering Bay  
  155  9:18  Marine, Marauder  
  158  9:29  Marine  
  158  9:30  Marauder  
  162  9:37  Marine  
  162  9:38  Marauder  
  149  9:40  Marauder  
  149  9:41  Marine x2  
  149  9:44  Siege Tank  
  156  9:51  Ghost Academy  
  156  10:06  Marine x2, Marauder  
  156  10:07  Marauder  
  159  10:12  Marine x2, Marauder  
  150  10:20  Command Center  
  135  10:29  Marine  
Tags
 
Add a new tag
Caveats
  • Supply blocks, unpowered buildings, or Contaminate may cause inaccurate times.
  • Supply counts are checked every 10 seconds.